 Dungeon Crawl Stone Soup version 0.20-a0-433-g9e36e56 (webtiles) character file.

599 Amnesiac the Vexing (level 7, -4/46 HPs)
             Began as a Mummy Enchanter on Jan 5, 2017.
             Slain by a centaur (7 damage)
             ... on level 5 of the Dungeon.
             The game lasted 00:10:16 (5111 turns).

Amnesiac the Vexing (Mummy Enchanter)               Turns: 5111, Time: 00:10:16

Health: -4/46      AC: 10    Str: 12    XL:     7   Next: 17%
Magic:  3/13       EV: 11    Int: 15    God:
Gold:   191        SH:  0    Dex: 16    Spells: 4/14 levels left

rFire  x . .     SeeInvis .     j - +0 dagger (vamp)
rCold  + . .     Gourm    .     i - +2 ring mail {rN+}
rNeg   + + +     Faith    .     (no shield)
rPois  ∞         Spirit   .     u - +1 helmet
rElec  .         Reflect  .     (no cloak)
rCorr  .         Harm     .     (no gloves)
MR     .....                    a - +0 pair of boots
Stlth  ++........               (no amulet)
                                (no ring)
                                d - +3 ring of dexterity

@: no status effects
A: no food or potions, fire vulnerability, cold resistance 1, negative energy
resistance 3, torment resistance, unbreathing
a: no special abilities


You were on level 5 of the Dungeon.
You were not hungry.

You visited 2 branches of the dungeon, and saw 6 of its levels.

You collected 191 gold pieces.

Inventory:

Hand Weapons
 e - a +0 quarterstaff
 j - a +0 vampiric dagger (weapon)
Missiles
 o - 2 curare-tipped needles
Armour
 a - a +0 pair of boots (worn)
 i - a +2 ring mail of positive energy (worn)
 u - a +1 helmet (worn)
Jewellery
 d - a +3 ring of dexterity (left hand)
Wands
 h - a wand of polymorph (8/24)
Scrolls
 b - 3 scrolls of identify {unknown}
 f - a scroll of enchant weapon {unknown}
 g - a scroll of magic mapping
 k - a scroll of fear {unknown}
 l - a scroll of recharging {unknown}
 n - 3 scrolls of remove curse {unknown}
 p - 2 scrolls of enchant armour {unknown}
 q - 2 scrolls of teleportation {unknown}
 r - a scroll of fog {unknown}
 s - a scroll of noise {unknown}
Books
 c - a book of Maledictions

   Spells                             Type                      Level
   a - Corona                         Hexes                        1
   b - Ensorcelled Hibernation        Hexes/Ice                    2
   c - Confuse                        Hexes                        3
   d - Tukima's Dance                 Hexes                        3
   e - Dazzling Spray                 Conjuration/Hexes            3
 m - a book of Misfortune

   Spells                             Type                      Level
   a - Confusing Touch                Hexes                        1
   b - Confuse                        Hexes                        3
   c - Gell's Gravitas                Hexes/Translocation          3
   d - Petrify                        Transmutation/Earth          4
   e - Metabolic Englaciation         Hexes/Ice                    5
   f - Yara's Violent Unravelling     Hexes/Transmutation          5


   Skills:
 + Level 3.0 Short Blades
 - Level 1.5 Dodging
 + Level 3.1 Stealth
 - Level 4.0 Spellcasting
 - Level 6.0 Hexes


You had 4 spell levels left.
You knew the following spells:

 Your Spells              Type           Power        Failure   Level  Hunger
a - Tukima's Dance        Hex            ###.....     12%         3    N/A
e - Confuse               Hex            ###.....     12%         3    N/A
f - Corona                Hex            ###....      3%          1    N/A
w - Confusing Touch       Hex            ###...       3%          1    N/A
z - Ensorcelled Hibernat  Hex/Ice        ##....       17%         2    N/A

Dungeon Overview and Level Annotations

Branches:
Dungeon (5/15)             Temple (1/1) D:4

Altars:
Cheibriados
Dithmenos
Elyvilon
Fedhas
Hepliaklqana
Makhleb
Nemelex Xobeh
Okawaru
Sif Muna
Trog
Uskayaw
Vehumet
Xom
Yredelemnul
Zin
The Shining One
Lugonu

Shops:
D:5 }


Innate Abilities, Weirdness & Mutations

You do not eat or drink.
Your flesh is vulnerable to fire.
You are immune to poison.
Your flesh is cold resistant. (rC+)
You are immune to negative energy. (rN+++)
You are immune to unholy pain and torment.
You can survive without breathing.


Message History

Confirm with . or Enter, or press ? or * to list all spells.
Aiming: Confuse
Press: ? - help, Shift-Dir - straight line, f/p - centaur
Aim: a centaur, wielding a shortbow (chance to defeat MR: 50%)
The centaur resists with significant effort.
The centaur shoots an arrow.
The arrow hits you!
Casting: Confuse
Confirm with . or Enter, or press ? or * to list all spells.
You don't have enough magic to cast that spell.
The centaur shoots an arrow.
The arrow hits you!
The centaur shoots an arrow.
The arrow hits you!
The centaur shoots an arrow.
The arrow hits you.
* * * LOW HITPOINT WARNING * * *
You see here 2 arrows.
The centaur shoots an arrow.
The arrow hits you!
* * * LOW HITPOINT WARNING * * *
You see here an arrow.
The centaur unwields an uncursed shortbow.
The centaur hits you!
You die...

... #....... +....#
.... #....... #....#
#........ #....#
#..##..###+###....#
##########...##.....
#...#........##....#
#...#........##....#
#.c+.............)#
#.@##..##........<#
##.(##..##...##'####
#..(....#######....#
##.......# #.....#
#.(.....# #.%....
#.(.....# ##.....
#..##..## ######
#..##### #...


You could see a centaur.

Vanquished Creatures
  A centaur (D:5)
  A bullfrog (D:5)
  A scorpion (D:5)
  2 orc priests
  4 orc wizards
  An iguana (D:4)
  A worker ant (D:4)
  3 gnolls (D:2)
  A howler monkey skeleton (D:4)
  6 adders
  A shadow imp (D:4)
  3 worms
  4 dart slugs
  12 orcs
  3 giant cockroaches
  2 hobgoblins (D:3)
  12 kobolds
  3 quokkas (D:4)
  3 ball pythons
  4 bats
  A frilled lizard (D:3)
  4 goblins
  A leopard gecko skeleton (D:5)
  8 rats
82 creatures vanquished.

Notes
Turn   | Place    | Note
-------+----------+-------------------------------------------
     0 | D:1      | Amnesiac the Mummy Enchanter began the quest for the Orb.
     0 | D:1      | Reached XP level 1. HP: 13/13 MP: 4/4
   399 | D:3      | Reached skill level 3 in Hexes
   399 | D:3      | Reached XP level 2. HP: 14/19 MP: 3/5
   552 | D:3      | Learned a level 2 spell: Ensorcelled Hibernation
  1127 | D:3      | Reached XP level 3. HP: 22/24 MP: 2/7
  1218 | D:4      | Found a glowing golden altar of the Shining One.
  1218 | D:4      | Found a glowing silver altar of Zin.
  1372 | D:4      | Found a blossoming altar of Fedhas.
  1423 | D:4      | Learned a level 3 spell: Confuse
  2121 | D:4      | Reached skill level 1 in Short Blades
  2121 | D:4      | Reached XP level 4. HP: 17/30 MP: 5/9
  2526 | D:4      | Reached skill level 4 in Hexes
  2526 | D:4      | Reached XP level 5. HP: 30/35 MP: 5/10
  2591 | D:4      | Found a staircase to the Ecumenical Temple.
  2600 | Temple   | Entered the Ecumenical Temple
  3321 | D:2      | Found a white marble altar of Elyvilon.
  3565 | D:2      | Found a deep blue altar of Sif Muna.
  3711 | D:2      | Learned a level 3 spell: Tukima's Dance
  3713 | D:2      | Learned a level 1 spell: Confusing Touch
  3750 | D:2      | Found a bloodstained altar of Trog.
  3843 | D:2      | Reached XP level 6. HP: 41/41 MP: 12/12
  4747 | D:5      | Entered Level 5 of the Dungeon
  4765 | D:5      | Reached skill level 5 in Hexes
  4878 | D:5      | Reached XP level 7. HP: 40/46 MP: 0/13
  4988 | D:5      | Reached skill level 6 in Hexes
  5047 | D:5      | Found Xusaam's Gadget Shoppe.
  5070 | D:5      | Found a shadowy altar of Dithmenos.
  5111 | D:5      | Slain by a centaur

Vault maps used:
D:1:      onia_arrival_handbag
D:2:      overflow_temple_1_default, overflow_temple_1_default,
          nicolae_overflow_crystal_walls, minmay_tetromino_i4
D:3:      hex_intersection, roderic_lattice_a
D:4:      gammafunk_temple_overflow_elements, fedhas_altar_2, first_bread
D:5:      kennysheep_mini, serial_shops, shop_statue
Temple:   corrupted_temple

Skill      XL: |  1  2  3  4  5  6  7 |
---------------+----------------------+-----
Hexes          | 3 4 5 6 |  6.0
Spellcasting   | 3 4 |  4.0
Short Blades   | 1 2 3 |  3.0
Stealth        | 3 |  3.1
Dodging        | |  1.5

Action                   |  1- 3 |  4- 6 |  7- 9 || total
-------------------------+-------+-------+-------++-------
Melee: Dagger            |    72 |   299 |    22 ||   393
 Cast: Corona            |     8 |       |       ||     8
       Ensorcelled Hiber |    20 |    10 |     4 ||    34
       Confuse           |     2 |    21 |     4 ||    27
  Use: Scroll            |       |     1 |       ||     1
 Stab: Sleeping          |    16 |     9 |     3 ||    28
       Distracted        |     1 |     1 |       ||     2
       Confused          |     2 |     7 |     1 ||    10
Armor: Robe              |     9 |     2 |       ||    11
       Ring mail         |       |    88 |     9 ||    97
Dodge: Dodged            |    40 |   115 |    13 ||   168
